 Dungeon Crawl Stone Soup version 0.22-a0-799-g88f5e90 (webtiles) character file.

3514 riteheju the Slicer (level 9, -1/102 HPs)
             Began as a Demonspawn Gladiator on July 21, 2018.
             Slain by a two-headed ogre
             ... wielding a +0 giant club
              (15 damage)
             ... on level 9 of the Dungeon.
             The game lasted 00:49:49 (10092 turns).

riteheju the Slicer (Demonspawn Gladiator)         Turns: 10092, Time: 00:49:49

Health: -1/102     AC: 24    Str: 20    XL:     9   Next: 81%
Magic:  9/9        EV:  2    Int: 15    God:
Gold:   561        SH:  0    Dex: 14    Spells: 8/8 levels left

rFire    + + .     SeeInvis .   n - +3 short sword (venom)
rCold    + . .     Gourm    .   (no shield)
rNeg     + + +     Faith    +   (armour currently unavailable)
rPois    +         Spirit   .   (helmet currently unavailable)
rElec    +         Reflect  .   (cloak currently unavailable)
rCorr    +         Harm     .   (gloves currently unavailable)
MR       .....     NoTele   +   (boots currently unavailable)
Stlth    ++........             w - amulet of faith
HPRegen  1.27/turn              D - ring of Leaves {rCorr +Fly rF+ Int+5 Stlth-}
MPRegen  0.11/turn              F - +2 ring of strength

@: lethally poisoned (-1 -> -1), tree-form, resistant
A: demonic guardian 1, powered by death 2
a: no special abilities


You were on level 9 of the Dungeon.
You were hungry.
You were a tree.
You visited 2 branches of the dungeon, and saw 10 of its levels.

You collected 611 gold pieces.
You spent 50 gold pieces at shops.

Inventory:

Hand Weapons
 a - a +0 rapier
 n - a +3 short sword of venom (weapon)
Missiles
 d - 4 throwing nets (quivered)
Armour
 c - a +0 helmet (melded)
 x - a +0 leather armour of magic resistance (melded)
Magical Staves
 z - an uncursed staff of summoning {unknown}
Jewellery
 u - an uncursed ring of ice {unknown}
 w - an amulet of faith (around neck)
 D - the ring of Leaves (left branch) {rCorr +Fly rF+ Int+5 Stlth-}
   (You found it on level 4 of the Dungeon)

   [ring of resist corrosion]

   It affects your intelligence (+5).
   It protects you from fire.
   It lets you fly.
   It makes you less stealthy.
 F - a +2 ring of strength (right branch)
 G - an uncursed ring of resist corrosion {unknown}
 I - an uncursed ring of resist corrosion {unknown}
Wands
 b - a wand of flame (27)
 v - a wand of polymorph (8)
 y - a wand of random effects (29)
 K - a wand of disintegration (8)
Scrolls
 h - 2 scrolls of noise {unknown}
 i - 3 scrolls of identify
 j - 2 scrolls of immolation {unknown}
 k - a scroll of enchant armour {unknown}
 o - a scroll of summoning {unknown}
 s - a scroll of teleportation
 t - 2 scrolls of enchant weapon
 A - a scroll of remove curse
 H - 6 scrolls of magic mapping
 J - a scroll of fear {unknown}
Potions
 e - 3 potions of flight
 g - a potion of magic
 m - a potion of berserk rage
 p - 2 potions of agility
 q - 5 potions of haste
 B - a potion of brilliance
 C - a potion of ambrosia {unknown}
 L - 3 potions of cancellation
 M - a potion of resistance
Comestibles
 f - 15 rations


   Skills:
 - Level 5.0 Fighting
 * Level 9.4 Short Blades
 - Level 2.0 Throwing
 - Level 5.0 Armour
 - Level 5.0 Dodging
 * Level 5.0 Stealth


You had 8 spell levels left.
You didn't know any spells.
Your spell library contained the following spells:

 Spells                   Type           Power        Failure   Level  Hunger
 Apportation              Tloc           #.....       26%         1    ##.....
 Summon Small Mammal      Summ           #...         26%         1    ##.....
 Animate Skeleton         Necr           N/A          26%         1    ##.....
 Summon Demon             Summ           #.........   100%        5    ######.
 Confusing Touch          Hex            #.....       26%         1    ##.....
 Summon Hydra             Summ           #.........   100%        7    #######
 Aura of Abjuration       Summ           #.........   100%        5    ######.
 Poisonous Vapours        Pois/Air       #.....       38%         2    ###....


Dungeon Overview and Level Annotations

Branches:
Dungeon (9/15)             Temple (1/1) D:7
   Lair: D:8-11         Orc: D:9-12

Altars:
Ashenzari
Cheibriados
Dithmenos
Elyvilon
Fedhas
Gozag
Hepliaklqana
Kikubaaqudgha
Makhleb
Nemelex Xobeh
Okawaru
Qazlal
Ru
Sif Muna
Trog
Uskayaw
Vehumet
Wu Jian
Xom
Yredelemnul
Zin
The Shining One

Shops:
D:4 *

Annotations:
D:8 1 transporter


Innate Abilities, Weirdness & Mutations

((You have large cloven feet.))
A weak demonic guardian rushes to your aid.
You regenerate health from kills.
((Your movements are slightly less encumbered by armour. (ER -2)))


Message History

You feel sick.
The two-headed ogre hits you but does no damage.
The two-headed ogre hits you with a giant spiked club.
* * * LOW HITPOINT WARNING * * *
Your white imp gestures at the two-headed ogre.
The puff of frost hits the two-headed ogre.
Your iron imp hits the two-headed ogre.
You feel protected.
You feel sick.
Your white imp gestures at the two-headed ogre.
The puff of frost hits the two-headed ogre.
You hit the two-headed ogre.
The two-headed ogre is poisoned.
The two-headed ogre is severely wounded.
Your iron imp barely misses the killer bee.
The killer bee barely misses you.
You miss the killer bee.
You feel sick.
Your white imp hits the two-headed ogre but does no damage.
The two-headed ogre hits you but does no damage.
The two-headed ogre hits you with a giant spiked club!
You die...

.....#
##..##.......'.#
.....# ##.(†)......#
.....# ####.......#
.....# ######'##
.....# #.# #.#### ##.#
#. #..# ###5## ..#
#♣O.# ###.###
#####y#### #......
#...5†...# #......
#........# #......
#........# #......
#....)...# #......
#........#######......
#........'..O.........
#........#######......


You could see a two-headed ogre, a killer bee, a friendly iron imp and a
friendly white imp.

Vanquished Creatures
  Grinder (D:5)
  A hippogriff (D:7)
  Sigmund (D:5)
  A wyvern (D:8)
  A fire bat (D:8)
  A water moccasin (D:9)
  An orc warrior (D:6)
  A sky beast (D:5)
  An eye of draining (D:8)
  A black bear (D:9)
  An ogre (D:8)
  2 centaurs
  Blork the orc (D:5)
  7 bullfrogs
  A scorpion (D:4)
  A killer bee (D:9)
  A wight (D:6)
  2 howler monkeys
  2 centaur zombies
  2 jellies
  3 bullfrog zombies
  2 hounds
  A centaur skeleton (D:6)
  A bullfrog skeleton (D:6)
  An orc wizard (D:7)
  6 worker ants
  A hound skeleton (D:4)
  A howler monkey zombie (D:6)
  5 worker ant zombies
  4 gnolls (D:3)
  9 adders
  2 shadow imps
  An ooze (D:3)
  5 worms
  9 dart slugs
  9 leopard geckos
  19 orcs
  4 bats
  3 giant cockroaches
  9 goblins
  A hobgoblin (D:2)
  4 jackals (D:3)
  7 kobolds
  A quokka (D:2)
  A ball python (D:3)
  3 frilled lizards
  A leopard gecko zombie (D:6)
  A quokka skeleton (D:6)
  6 rats
150 creatures vanquished.

Vanquished Creatures (collateral kills)
  A two-headed ogre (D:7)
  A centaur (D:5)
  2 ogres (D:6)
  A bullfrog zombie (D:6)
  An orc priest (D:7)
  2 hound skeletons
  2 dart slugs (D:3)
  2 orcs
  A hobgoblin (D:3)
13 creatures vanquished.

Grand Total: 163 creatures vanquished

Notes
Turn   | Place    | Note
-------+----------+-------------------------------------------
     0 | D:1      | riteheju the Demonspawn Gladiator began the quest for the Orb.
     0 | D:1      | Reached XP level 1. HP: 16/16 MP: 1/1
   199 | D:1      | Gained mutation: Your movements are slightly less encumbered by armour. (ER -2) [demonic ancestry]
   199 | D:1      | Reached XP level 2. HP: 22/22 MP: 2/2
  1097 | D:2      | Reached skill level 3 in Short Blades
  1198 | D:2      | Gained mutation: A weak demonic guardian rushes to your aid. [demonic ancestry]
  1198 | D:2      | Reached XP level 3. HP: 25/27 MP: 3/3
  1413 | D:2      | Reached skill level 1 in Armour
  2317 | D:3      | Gained mutation: You have large cloven feet. [demonic ancestry]
  2317 | D:3      | Reached XP level 4. HP: 33/33 MP: 4/4
  2737 | D:3      | Gained mutation: You regenerate a little health from kills. [demonic ancestry]
  2737 | D:3      | Reached XP level 5. HP: 35/38 MP: 5/5
  2741 | D:3      | Reached skill level 4 in Short Blades
  3487 | D:4      | Reached skill level 1 in Stealth
  3627 | D:4      | Reached XP level 6. HP: 46/46 MP: 6/6
  3806 | D:4      | Found Uniohip's Assorted Antiques.
  3810 | D:4      | Bought a scroll labeled WOVITTA NATOU for 25 gold pieces
  3810 | D:4      | Bought a scroll labeled ATAINU KUODET for 25 gold pieces
  3937 | D:4      | Got a coiled silver ring
  4207 | D:5      | Entered Level 5 of the Dungeon
  4355 | D:5      | Noticed Sigmund
  4365 | D:5      | Found an opulent altar of Gozag.
  4408 | D:5      | Killed Sigmund
  4408 | D:5      | Reached skill level 5 in Short Blades
  4451 | D:5      | Noticed a sky beast
  4459 | D:5      | Killed a sky beast
  4459 | D:5      | Reached XP level 7. HP: 33/51 MP: 7/7
  4763 | D:5      | Noticed a dagger
  4765 | D:5      | Noticed a dagger
  4768 | D:5      | Found a hide-covered altar of Uskayaw.
  5035 | D:5      | Noticed Blork the orc
  5037 | D:5      | Noticed Grinder
  5044 | D:5      | Killed Blork the orc
  5059 | D:5      | Killed Grinder
  5059 | D:5      | Reached skill level 6 in Short Blades
  5776 | D:6      | Reached XP level 8. HP: 37/58 MP: 8/8
  5891 | D:6      | Found a white marble altar of Elyvilon.
  5907 | D:6      | Identified the Catalogue of the Noxious Entourage
  6787 | D:6      | Reached skill level 7 in Short Blades
  6951 | D:6      | Found a stormy altar of Qazlal.
  6951 | D:6      | Found a snail-covered altar of Cheibriados.
  7502 | D:7      | Noticed a two-headed ogre
  7620 | D:7      | Killed a two-headed ogre
  7620 | D:7      | Gained mutation: You regenerate health from kills. [demonic ancestry]
  7620 | D:7      | Reached XP level 9. HP: 37/65 MP: 9/9
  7937 | D:7      | Reached skill level 5 in Dodging
  7973 | D:7      | Found a radiant altar of Vehumet.
  8155 | D:7      | Identified the ring of Leaves {rCorr +Fly rF+ Int+5 Stlth-} (You found it on level 4 of the Dungeon)
  8283 | D:7      | Found a staircase to the Ecumenical Temple.
  8294 | Temple   | Entered the Ecumenical Temple
  8549 | D:8      | Reached skill level 8 in Short Blades
  8564 | D:8      | Reached skill level 5 in Armour
  8612 | D:8      | Found a transporter.
  8663 | D:8      | Found a transporter.
  9817 | D:9      | Reached skill level 9 in Short Blades
 10013 | D:9      | Reached skill level 5 in Fighting
 10021 | D:9      | Reached skill level 5 in Stealth
 10050 | D:9      | Noticed a two-headed ogre
 10092 | D:9      | Slain by a two-headed ogre

Vault maps used:
D:1:      nzn_arrival_water_spiral
D:2:      item_on_display_a
D:3:      kennysheep_slugbush, serial_bayou_crossing
D:4:      first_ration, serial_shops, kennysheep_mini
D:5:      dancing_weapons_uskayaw, gup_sewer_entry_spiral,
          grunt_gozag_breadcrumbs, uniq_sigmund, uniq_blork_the_orc,
          uniq_grinder
D:6:      old_standard_altar, amethyst_overflow_temple_binary, serial_undead,
          serial_undead_a, serial_undead_e, serial_undead_b, serial_undead_f,
          serial_undead_d, grunt_tough_drop
D:7:      minmay_temple_entry_nine_rooms, basic_altar
D:8:      gammafunk_cloud_chamber, corexii_leaking_fountain
D:9:      enter_bailey_2, the_bakery
Temple:   hc_temple_tempest_star

Skill      XL: |  1  2  3  4  5  6  7  8  9 |
---------------+----------------------------+-----
Throwing       | 2 |  2.0
Dodging        | 3 4 5 |  5.0
Short Blades   | 3 4 5 6 7 9 |  9.4
Armour         | 1 2 3 4 5 |  5.0
Stealth        | 1 2 3 5 |  5.0
Fighting       | 3 4 5 |  5.0

Action                   |  1- 3 |  4- 6 |  7- 9 || total
-------------------------+-------+-------+-------++-------
Melee: Rapier            |    68 |       |       ||    68
       Short sword       |    47 |   163 |   342 ||   552
       Kick              |       |    39 |   103 ||   142
  Use: Potion            |       |     5 |     7 ||    12
       Scroll            |       |     1 |    12 ||    13
 Stab: Distracted        |       |     1 |     2 ||     3
       Sleeping          |       |       |     2 ||     2
  Eat: Chunk             |     3 |     3 |     2 ||     8
       Ration            |     1 |     1 |     4 ||     6
Armor: Leather armour    |     4 |       |    37 ||    41
       Scale mail        |    23 |    49 |    16 ||    88
       Skin              |       |    22 |     5 ||    27
Dodge: Dodged            |    69 |    80 |   243 ||   392

Table legend:
 A = Spawn XP
 B = Non-spawn XP
 C = Spawn XP percentage of total XP
 D = Spawn monster count
 E = Non-spawn monster count
 F = Spawn count percentage of total count
 G = Total turns spent on level
                    A         B        C        D         E        F      G
               +---------+---------+-------+---------+---------+-------+---------
         Total |       0 |    5020 |   0.0 |       0 |     163 |   0.0 | 10092
               +---------+---------+-------+---------+---------+-------+---------
           D:1 |       0 |      26 |   0.0 |       0 |      15 |   0.0 |   976
           D:2 |       0 |      61 |   0.0 |       0 |      18 |   0.0 |  1323
           D:3 |       0 |     201 |   0.0 |       0 |      38 |   0.0 |  1146
           D:4 |       0 |     195 |   0.0 |       0 |      11 |   0.0 |   762
           D:5 |       0 |     893 |   0.0 |       0 |      22 |   0.0 |  1565
           D:6 |       0 |    1023 |   0.0 |       0 |      28 |   0.0 |  1883
           D:7 |       0 |    1000 |   0.0 |       0 |      11 |   0.0 |   683
           D:8 |       0 |    1109 |   0.0 |       0 |      13 |   0.0 |  1248
           D:9 |       0 |     512 |   0.0 |       0 |       7 |   0.0 |   305
               +---------+---------+-------+---------+---------+-------+---------
